 Dungeon Crawl Stone Soup version 0.31.0-11-ge490571c62 (webtiles) character file.

Game seed: 7177865811092592923

6568 booth the Cleaver (level 10, -1/81 HPs)
             Began as a Minotaur Fighter on Feb 7, 2024.
             Was an Elder of Hepliaklqana.
             Slain by an orc warlord
             ... wielding a +8 battleaxe
              (25 damage)
             ... in a bailey on Feb 8, 2024.
             The game lasted 00:47:25 (8112 turns).

booth the Cleaver (Minotaur Fighter)                Turns: 8112, Time: 00:47:25

Health: -1/81      AC: 23    Str: 20    XL:     10   Next: 70%
Magic:  11/11      EV:  8    Int:  9    God:    Hepliaklqana [****..]
Gold:   590        SH:  6    Dex: 11    Spells: 9/9 levels left

rFire   . . .        E - +1 broad axe
rCold   . . .        c - +1 buckler
rNeg    . . .        P - +2 chain mail {rPois}
rPois   +            (helmet restricted)
rElec   .            Q - +0 cloak
rCorr   .            L - +2 pair of gloves
SInv    +            r - +1 pair of boots
Will    .....        k - amulet of the acrobat Stlth
                     F - +4 ring of protection
HPRegen 0.33/turn    H - ring of see invisible
MPRegen 0.12/turn

%: acrobat
@: no status effects
A: reduced essence, horns 2, retaliatory headbutt, poison resistance, wild magic
1
a: Renounce Religion, Recall Ancestor, Ancestor Identity, Transference, Idealise


You were in a bailey.
You worshipped Hepliaklqana.
Hepliaklqana was greatly pleased with you.
You visited 1 branch of the dungeon, and saw 9 of its levels.
You also visited: Sewer and Bailey.

You collected 657 gold pieces.
You spent 67 gold pieces at shops.

Inventory:

Hand Weapons
 a - a +1 war axe
 s - a +0 mace
 B - a +2 heavy battleaxe
 E - a +1 broad axe (weapon)
Missiles
 h - 27 boomerangs (quivered)
 m - 3 silver javelins
 u - 38 poisoned darts
 y - a curare-tipped dart
 R - 2 throwing nets
Armour
 b - a +0 scale mail
 c - a +1 buckler (worn)
 r - a +1 pair of boots (worn)
 L - a +2 pair of gloves (worn)
 P - a +2 chain mail of poison resistance (worn)
 Q - a +0 cloak (worn)
Jewellery
 k - an amulet of the acrobat (around neck)
 l - a ring of ice
 F - a +4 ring of protection (left hand)
 H - a ring of see invisible (right hand)
Wands
 D - a wand of light (9)
 G - a wand of iceblast (8)
 O - a wand of digging (6)
Scrolls
 e - 4 scrolls of fog
 p - 5 scrolls of teleportation
 q - 2 scrolls of butterflies
 t - 2 scrolls of immolation
 x - 3 scrolls of blinking
 C - a scroll of poison
 K - a scroll of revelation
 M - a scroll of vulnerability {unknown}
 N - a scroll of fear {unknown}
 S - a scroll of brand weapon {unknown}
Potions
 d - 5 potions of might
 f - 2 potions of heal wounds
 g - a potion of attraction
 i - a potion of ambrosia
 j - 4 potions of curing
 n - 4 potions of mutation
 o - 3 potions of lignification
 v - a potion of berserk rage
 w - 2 potions of cancellation
 z - a potion of enlightenment
 A - 2 potions of brilliance
 I - 3 potions of magic
 J - 3 potions of haste {unknown}


   Skills:
 + Level 9.4 Fighting
 * Level 12.4 Axes
 + Level 6.5 Throwing
 - Level 7.1 Armour
 + Level 7.1 Shields
 + Level 3.7 Invocations


You had 9 spell levels left.
You didn't know any spells.
Your spell library contained the following spells:

 Spells                   Type           Power      Damage    Failure   Level
 Necrotise                Necr           0%         1d4       98%         1
 Blink                    Tloc           0%         N/A       99%         2
 Jinxbite                 Hex            0%         N/A       99%         2
 Lesser Beckoning         Tloc           0%         N/A       99%         2
 Momentum Strike          Conj/Tloc      0%         3d8       99%         2
 Static Discharge         Conj/Air       0%         3-3/arc   99%         2
 Gell's Gravitas          Tloc           0%         N/A       100%        3
 Teleport Other           Tloc           0%         N/A       100%        3
 Vampiric Draining        Necr           0%         2d6       100%        3
 Airstrike                Air            0%         2d(0-16)  100%        4
 Animate Dead             Necr           0%         N/A       100%        4
 Martyr's Knell           Necr/Summ      0%         N/A       100%        4
 Olgreb's Toxic Radiance  Alch           0%         N/A       100%        4
 Summon Lightning Spire   Summ/Air       0%         N/A       100%        4
 Borgnjor's Vile Clutch   Necr/Erth      0%         N/A       100%        5
 Curse of Agony           Necr           0%         N/A       100%        5
 Yara's Violent Unravell  Hex/Alch       0%         3d3       100%        5
 Death Channel            Necr           0%         N/A       100%        6
 Enfeeble                 Hex            0%         N/A       100%        7
 Ozocubu's Refrigeration  Ice            0%         4d7       100%        7
 Discord                  Hex            0%         N/A       100%        8


Dungeon Overview and Level Annotations

Branches:
Dungeon (9/15)             Temple (0/1) D:4           Sewer (visited)
 Bailey (1/1)
   Lair: D:8-11         Orc: D:9-12

Altars:
Ashenzari
Gozag
Hepliaklqana
Kikubaaqudgha
Makhleb
Nemelex Xobeh
Okawaru
Sif Muna
Uskayaw
Xom
The Shining One

Shops:
D:1 !   D:4 [   D:9 *

Annotations:
D:3 1 runed translucent door, hawla's ghost, amateur DEFE


Innate Abilities, Weirdness & Mutations

Your life essence is reduced to manifest your ancestor. (-10% HP)
You have a pair of horns on your head.
You reflexively headbutt those who attack you in melee.
Your system is resistant to poisons. (rPois)
Your spells are a little harder to cast, but a little more powerful.


Message History

The orc warlord is moderately wounded.
The orc warlord hits you with a +8 battleaxe!
You slice the orc warlord!!
The orc warlord is heavily wounded.
The orc warlord hits you but does no damage.
You hit the orc warlord.
You headbutt the orc warlord, but do no damage.
The orc warlord is heavily wounded.
The orc warlord hits you with a +8 battleaxe!
You hit the orc warlord but do no damage.
You headbutt the orc warlord, but do no damage.
The orc warlord is heavily wounded.
You completely miss the orc warlord.
The orc warlord is heavily wounded.
The orc warlord hits you but does no damage.
You completely miss the orc warlord.
The orc warlord is heavily wounded.
You block the orc warlord's attack.
You barely miss the orc warlord.
The orc warlord is heavily wounded.
You hit the orc warlord.
The orc warlord is heavily wounded.
The orc warlord hits you with a +8 battleaxe!
You slash the orc warlord!
You headbutt the orc warlord, but do no damage.
The orc warlord is severely wounded.
You block the orc warlord's attack.
You hit the orc warlord but do no damage.
The orc warlord is severely wounded.
You barely miss the orc warlord. You headbutt the orc warlord.
The orc warlord is severely wounded.
The orc warlord hits you with a +8 battleaxe!
You closely miss the orc warlord. You headbutt the orc warlord!
The orc warlord is severely wounded.
The orc warlord hits you with a +8 battleaxe!
* * * LOW HITPOINT WARNING * * *
You barely miss the orc warlord.
The orc warlord is severely wounded.
The orc warlord hits you with a +8 battleaxe!!
You die...

#......)...'...†)'....8..8..#≈
#...8......#########........#≈
##......####~~~#~~~##......##≈
##.....#~~#~.....=~#.....##..
##....#~........?~#....##...
#...##~8.8...8.8##....#....
#)).'~~.........#.....'....
#...'~~....∩....#.....'...∩
#...'~~...@o....#.....'....
#...##~8.8...8.8##....#....
##....#~........?~#....##...
##.†...#~~#~.....:~#.....##..
##......####~~~#~~~##†.)...##≈
#...8......#########........#≈
#......†...'....)')...8..8..#≈
#..........#~~~~~#..........#≈
##..8..8...#~~~~~#.........##≈


You could see an orc warlord (slow, drained).

Vanquished Creatures
  Harold (D:9)
  Pikel (D:8)
  Grinder (D:6)
  Sigmund (D:2)
  Eustachio (D:6)
  A wyvern (D:8)
  A steam dragon (D:7)
  A water moccasin (D:6)
  An ice beast (D:7)
  2 orc warriors (Bailey)
  An ogre (D:5)
  A black bear (D:5)
  2 centaurs
  A kobold brigand (D:6)
  A bullfrog (D:8)
  4 scorpions
  A wight (D:9)
  3 killer bees (D:9)
  A howler monkey (D:9)
  5 bombardier beetles
  A jelly (D:6)
  2 hounds
  3 orc priests
  2 sleepcaps
  5 iguanas
  6 orc wizards
  6 adders
  A gnoll (Bailey)
  A river rat (D:4)
  A white imp (D:6)
  An ufetubus (D:5)
  3 ribbon worms (D:3)
  2 dart slugs (D:1)
  17 orcs
  5 ball pythons
  8 endoplasms
  2 giant cockroaches (D:1)
  9 goblins
  4 hobgoblins
  10 jackals
  3 quokkas
  4 bats (D:1)
  2 frilled lizards
  17 kobolds
  10 rats
156 creatures vanquished.

Vanquished Creatures (collateral kills)
  Joseph (D:8)
  A kobold demonologist (D:9)
  Edmund (D:6)
  3 orc warriors
  An ice beast (D:5)
  A sky beast (D:7)
  3 ogres
  A crocodile (Sewer)
  A phantom (D:7)
  A lemure (D:8)
  2 kobold brigands
  4 scorpions
  2 bullfrogs
  A killer bee (D:9)
  A crimson imp (D:4)
  A bombardier beetle (D:5)
  2 hounds (D:5)
  3 jellies
  2 orc priests (D:7)
  An iguana (D:4)
  6 orc wizards
  A gnoll (Bailey)
  2 adders (D:4)
  A ribbon worm (D:4)
  6 orcs
  2 ball pythons
  2 giant cockroaches
  3 goblins
  A hobgoblin (Bailey)
  2 jackals (Sewer)
  2 quokkas (D:4)
  A frilled lizard (D:3)
  3 kobolds (Bailey)
  2 rats (D:4)
67 creatures vanquished.

Vanquished Creatures (others)
  2 hexers
2 creatures vanquished.

Grand Total: 225 creatures vanquished

Notes
Turn   | Place    | Note
-------+----------+-------------------------------------------
     0 | D:1      | booth the Minotaur Fighter began the quest for the Orb.
     0 | D:1      | Reached XP level 1. HP: 19/19 MP: 0/0
   109 | D:1      | Reached XP level 2. HP: 27/27 MP: 1/1
   322 | D:1      | Reached skill level 3 in Axes
   405 | D:1      | Found Cyjuemeo's Distillery.
   870 | D:2      | Reached XP level 3. HP: 33/33 MP: 2/2
   905 | D:2      | Noticed Sigmund
   924 | D:2      | Killed Sigmund
   925 | D:2      | Reached skill level 5 in Axes
   925 | D:2      | Reached XP level 4. HP: 17/41 MP: 3/3
   925 | D:2      | Reached XP level 5. HP: 19/47 MP: 4/4
  1274 | D:2      | Found a faded altar of an unknown god.
  1280 | D:2      | Prayed at the altar of an unknown god.
  1280 | D:2      | Became a worshipper of Hepliaklqana the Forgotten
  1280 | D:2      | Reached * piety under Hepliaklqana
  1528 | D:3      | Found an opulent altar of Gozag.
  1550 | D:3      | Reached skill level 5 in Armour
  1574 | D:3      | Reached skill level 5 in Fighting
  1991 | D:3      | Found a hazy altar of Hepliaklqana.
  2039 | D:3      | Found a runed translucent door.
  2042 | D:3      | Noticed hawla's ghost (amateur DEFE)
  2340 | D:3      | Gained mutation: Your spells are a little harder to cast,
                  | but a little more powerful. [potion of mutation]
  2340 | D:3      | Gained mutation: Your system is resistant to poisons.
                  | (rPois) [potion of mutation]
  2367 | D:4      | Reached XP level 6. HP: 50/50 MP: 5/5
  2431 | D:4      | Reached ** piety under Hepliaklqana
  2432 | D:4      | Remembered your ancestor Octavia as a hexer
  2482 | D:4      | Found a glowing drain.
  2495 | Sewer    | Entered a sewer
  2539 | Sewer    | Reached skill level 6 in Axes
  2824 | D:4      | Reached skill level 1 in Throwing
  2855 | D:4      | Found a staircase to the Ecumenical Temple.
  2904 | D:4      | Found Sosefof's Armour Shoppe.
  2923 | D:4      | Found an ancient bone altar of Kikubaaqudgha.
  3019 | D:4      | Identified the +2 leather armour of the Harp {rElec}
  3064 | D:4      | Reached XP level 7. HP: 54/54 MP: 6/6
  3307 | D:4      | Reached skill level 7 in Axes
  3423 | D:4      | Found a shimmering altar of Xom.
  3423 | D:4      | Found a burning altar of Makhleb.
  3473 | D:5      | Entered Level 5 of the Dungeon
  3740 | D:5      | Found an iron altar of Okawaru.
  3748 | D:5      | Reached XP level 8. HP: 62/63 MP: 7/7
  3777 | D:5      | Reached skill level 8 in Axes
  4136 | D:5      | Reached skill level 9 in Axes
  4847 | D:6      | Noticed Eustachio
  4849 | D:6      | Reached *** piety under Hepliaklqana
  4855 | D:6      | Reached XP level 9. HP: 56/71 MP: 8/8
  4876 | D:6      | Killed Eustachio
  5007 | D:6      | Found a hide-covered altar of Uskayaw.
  5122 | D:6      | Reached skill level 10 in Axes
  5251 | D:6      | Noticed Grinder
  5267 | D:6      | Killed Grinder
  5270 | D:6      | Reached skill level 5 in Shields
  5376 | D:6      | Found a shimmering blue altar of Sif Muna.
  5397 | D:6      | Noticed Edmund
  5404 | D:6      | Killed Edmund
  5405 | D:6      | Reached skill level 5 in Throwing
  5466 | D:6      | Found a sparkling altar of Nemelex Xobeh.
  5677 | D:7      | Reached skill level 1 in Invocations
  6099 | D:7      | Reached skill level 11 in Axes
  6259 | D:7      | Found a broken altar of Ashenzari.
  6834 | D:8      | Noticed Joseph
  6848 | D:8      | Killed Joseph
  6849 | D:8      | Reached XP level 10. HP: 65/81 MP: 10/10
  6971 | D:8      | Noticed Pikel
  6983 | D:8      | Killed Pikel
  7101 | D:8      | Reached **** piety under Hepliaklqana
  7367 | D:8      | Identified a scroll of acquirement
  7370 | D:8      | Acquired a +2 heavy battleaxe
  7486 | D:9      | Found a glowing golden altar of the Shining One.
  7519 | D:9      | Noticed a sixfirhy
  7533 | D:9      | Found Zacoduf's General Store.
  7674 | D:9      | Bought a +0 cloak for 67 gold pieces
  7739 | D:9      | Reached skill level 12 in Axes
  7796 | D:9      | Found a flagged portal.
  7799 | D:9      | Noticed Harold
  7818 | D:9      | Killed Harold
  7833 | Bailey   | Entered a bailey
  7855 | Bailey   | Noticed an orc warlord
  7943 | Bailey   | Found a runed translucent gate.
  7946 | Bailey   | Found a runed translucent gate.
  7950 | Bailey   | Found a runed translucent gate.
  8112 | Bailey   | Slain by an orc warlord

Illustrated notes

Levels and vault maps discovered:
D:1:      dpeg_arrival_stone_temple_mockup, layout_loops_ring, serial_shops,
          shop
D:2:      layout_rooms, shapermc_ecumenical_altar_petra, minivault_19,
          uniq_sigmund
D:3:      layout_basic, grunt_gozag_statues, mainiacjoe_overflow_boulevard,
          serial_rivers, chequers_serial_rivers_small_a,
          chequers_serial_rivers_small_3, chequers_serial_rivers_micro_e,
          chequers_serial_rivers_small_3, chequers_serial_rivers_large_b,
          ebering_ghost_reflecting_pool, minmay_distorted
D:4:      layout_cave_pools, kiku_gazebo_garden_becter,
          grunt_temple_overflow_champion_of_chaos, minmay_temple_entry_poolview,
          serial_shops, nicolae_shop_hallway_stairs, gup_sewer_entry_bubbles
D:5:      layout_loops_ring, overflow_temple_1_default, serial_park_tiny_1,
          minmay_bent
D:6:      layout_rooms, lemuel_doored_altar, marbit_many_paths,
          nicolae_uskayaw_dance_studio, uniq_edmund, uniq_eustachio,
          uniq_grinder
D:7:      layout_loops_corners, ashenzari_altar_1
D:8:      layout_cave_pools, grunt_decor_fettered, uniq_pikel, uniq_joseph
D:9:      layout_irregular_city, fedhas_ov_isle_minmay, tso_oasis_becter,
          orc_0_dummy, enter_bailey_5, kennysheep_windowed_goal, uniq_harold,
          uniq_jeremiah
Bailey:   bailey_axe_bossmonster_kennysheep, bailey

Skill      XL: |  1  2  3  4  5  6  7  8  9 10 |
---------------+-------------------------------+-----
Axes           | 3 5 6 7 9 11 12 | 12.4
Fighting       | 4 5 6 7 8 9 |  9.4
Armour         | 4 5 6 7 |  7.1
Throwing       | 1 2 4 5 6 |  6.5
Shields        | 4 6 7 |  7.1
Invocations    | 2 3 |  3.7

Action                     |  1- 3 |  4- 6 |  7- 9 | 10-12 || total
---------------------------+-------+-------+-------+-------++-------
  Melee: War axe           |    59 |    87 |   213 |     8 ||   367
         Headbutt          |     5 |    12 |    36 |    20 ||    73
         Broad axe         |       |       |       |    89 ||    89
  Throw: Boomerang         |     1 |       |    12 |       ||    13
 Invoke: Ancestor Identity |       |     1 |       |       ||     1
         Ancestor Life: He |       |     1 |       |       ||     1
    Use: Scroll            |     3 |     5 |     5 |     6 ||    19
         Potion            |     1 |     2 |     5 |       ||     8
   Stab: Distracted        |       |     1 |     5 |       ||     6
         Confused          |       |       |     6 |     3 ||     9
 Armour: Scale mail        |    47 |    41 |   140 |    26 ||   254
         Chain mail        |       |       |       |    29 ||    29
  Dodge: Dodged            |    25 |    39 |   105 |    53 ||   222
  Block: Buckler           |    11 |    22 |    38 |    28 ||    99
